 Dungeon Crawl Stone Soup version 0.23-a0-470-g6f7cfd9 (webtiles) character file.

281 Dmuffinman the Slinger (level 6, -4/39 HPs)
             Began as a Halfling Hunter on Nov 26, 2018.
             Killed by divine providence
             ... invoked by an orc priest
              (12 damage)
             ... on level 3 of the Dungeon on Nov 27, 2018.
             The game lasted 00:14:17 (1650 turns).

Dmuffinman the Slinger (Halfling Hunter)            Turns: 1650, Time: 00:14:17

Health: -4/39      AC:  7    Str: 13    XL:     6   Next: 53%
Magic:  6/6        EV: 14    Int:  9    God:
Gold:   72         SH:  0    Dex: 17    Spells: 5/5 levels left

rFire    . . .     SeeInvis .   a - +1 hunting sling
rCold    . . .     Gourm    .   (shield restricted)
rNeg     . . .     Faith    .   c - +0 leather armour
rPois    .         Spirit   .   (no helmet)
rElec    .         Reflect  .   (no cloak)
rCorr    .         Harm     .   (no gloves)
MR       .....                  g - +0 pair of boots
Stlth    ++........             (no amulet)
HPRegen  0.13/turn              j - +3 ring of protection
MPRegen  0.10/turn              (no ring)

@: no status effects
A: small, mutation resistance 1
a: no special abilities


You were on level 3 of the Dungeon.
You were not hungry.

You visited 1 branch of the dungeon, and saw 3 of its levels.

You collected 72 gold pieces.

Inventory:

Hand Weapons
 a - a +1 hunting sling (weapon)
 b - a +0 short sword
 k - a +0 short sword
Missiles
 e - 75 stones (quivered)
Armour
 c - a +0 leather armour (worn)
 g - a +0 pair of boots (worn)
Jewellery
 j - a +3 ring of protection (left hand)
Wands
 l - a wand of random effects (9)
Scrolls
 i - 2 scrolls of identify {unknown}
 m - a scroll of teleportation {unknown}
Potions
 h - a potion of curing {unknown}
Comestibles
 d - 2 chunks of flesh
 f - a ration


   Skills:
 + Level 2.2 Fighting
 * Level 9.6 Slings
 + Level 1.5 Armour
 + Level 2.2 Dodging
 * Level 2.2 Stealth


You had 5 spell levels left.
You didn't know any spells.
Your spell library was empty.

Dungeon Overview and Level Annotations

Branches:
Dungeon (3/15)

Altars:


Innate Abilities, Weirdness & Mutations

You are small and have problems with some larger weapons.
You are somewhat resistant to further mutation.


Message History

Firing (i - inventory)
e - 77 stones (quivered)
Press: ? - help, Shift-Dir - straight line, f/p - orc priest
Aim: an orc priest, wearing a +0 ring mail (severely wounded)
You shoot a stone.
The stone closely misses the orc priest.
The orc wizard hits you but does no damage.
The orc closely misses you.
Firing (i - inventory)
e - 76 stones (quivered)
Press: ? - help, Shift-Dir - straight line, f/p - orc priest
Aim: an orc priest, wearing a +0 ring mail (severely wounded)
You shoot a stone. The stone hits the orc priest.
The orc priest is almost dead.
The orc wizard hits you with a +0 dagger.
The orc priest invokes the aid of Beogh against you.
Beogh smites you!
* * * LOW HITPOINT WARNING * * *
The goblin barely misses you. The orc misses you.
The orc priest calls down the wrath of Beogh upon you.
Beogh smites you!
You die...

............... #.(.
#######รท...#...
####..#### #<#######
#!((..... #.# #....(.#
# ####.###
#......#.###......####
#..(...#..............
#..(oog...........#
#....o@# #......#
#......# #......#
#......# ########
########


You could see an orc priest, an orc wizard, an orc and a goblin.

Vanquished Creatures
  Grinder (D:3)
  3 gnolls (D:3)
  2 adders
  An ooze (D:1)
  2 leopard geckos
  An orc (D:3)
  2 bats (D:1)
  2 giant cockroaches
  5 goblins (D:1)
  3 hobgoblins
  4 jackals (D:1)
  2 frilled lizards (D:1)
  8 kobolds
  6 rats
42 creatures vanquished.

Notes
Turn   | Place    | Note
-------+----------+-------------------------------------------
     0 | D:1      | Dmuffinman the Halfling Hunter began the quest for the Orb.
     0 | D:1      | Reached XP level 1. HP: 14/14 MP: 1/1
   117 | D:1      | Reached skill level 6 in Slings
   145 | D:1      | Reached XP level 2. HP: 19/19 MP: 2/2
   337 | D:1      | Reached skill level 7 in Slings
   337 | D:1      | Reached XP level 3. HP: 24/24 MP: 3/3
  1106 | D:1      | Upgraded the game from 0.23-a0-458-g93a6ea9 to
                  | 0.23-a0-470-g6f7cfd9
  1451 | D:3      | Reached XP level 4. HP: 29/29 MP: 4/4
  1494 | D:3      | Reached skill level 8 in Slings
  1547 | D:3      | Noticed Grinder
  1569 | D:3      | Killed Grinder
  1569 | D:3      | Reached skill level 9 in Slings
  1569 | D:3      | Reached skill level 1 in Armour
  1569 | D:3      | Reached XP level 5. HP: 16/34 MP: 5/5
  1569 | D:3      | Reached XP level 6. HP: 19/39 MP: 6/6
  1650 | D:3      | Killed from afar by an orc priest

Vault maps used:
D:1:      ebering_trefoil_twist, serial_bayou, serial_bayou_crossing,
          serial_bayou_pond_d, serial_bayou_lake_a, serial_bayou_pond_d,
          serial_bayou_pond_d, hangedman_decor_opposing,
          hangedman_decor_peaks_small
D:2:      fiery_altar_vehumet
D:3:      tso_metal_star, biasface_ghost_orc_armoury, uniq_grinder

Skill      XL: |  1  2  3  4 |
---------------+-------------+-----
Slings         | 6 7 9 |  9.6
Fighting       | 2 |  2.2
Armour         | 1 |  1.5
Stealth        | 2 |  2.2
Dodging        | |  2.2

Action                   |  1- 3 |  4- 6 || total
-------------------------+-------+-------++-------
 Fire: Hunting sling     |    80 |    53 ||   133
  Eat: Chunk             |     1 |     1 ||     2
Armor: Leather armour    |     2 |     7 ||     9
Dodge: Dodged            |    19 |    17 ||    36

Table legend:
 A = Non-vault XP
 B = Vault XP
 C = Vault XP percentage of total XP
 D = Non-vault monster count
 E = Vault monster count
 F = Vault count percentage of total count
                 A         B        C        D         E       F
            +---------+---------+-------+---------+---------+-------
      Total |     135 |     267 |  66.4 |      41 |       1 |   2.4
            +---------+---------+-------+---------+---------+-------
        D:1 |      48 |       0 |   0.0 |      27 |       0 |   0.0
        D:2 |      19 |       0 |   0.0 |       4 |       0 |   0.0
        D:3 |      68 |     267 |  79.7 |      10 |       1 |   9.1
            +---------+---------+-------+---------+---------+-------
